[Event "Titled Tuesday Blitz August 08 Early 2023"]
[White "Aslanov, Umid"]
[Black "Karas, Marek"]
[WhiteFideId "13412620"]
[BlackFideId "14928558"]
[WhiteElo "2586"]
[BlackElo "2447"]
[Result "1-0"]
[Round "6"]
[TimeControl "180+1"]
[Date "2023.08.08"]
[WhiteClock "0:01:24"]
[BlackClock "0:00:00"]
[Board "122"]

1. e4 e6 2. d4 d5 3. Nd2 a6 4. Ngf3 c5 5. exd5 exd5 6. dxc5 Bxc5 7. Nb3 Bb6 8. Bd3 Nf6 9. Qe2+ Qe7 10. Qxe7+ Kxe7 11. O-O Be6 12. Nbd4 Nc6 13. Nxe6 fxe6 14. Bg5 h6 15. Bh4 e5 16. Nxe5 Nxe5 17. Rae1 Kd6 18. Bg3 Rae8 19. Bg6 Re7 20. Rxe5 Rxe5 21. Re1 Nd7 22. Bf5 Re8 23. Bxd7 Kxd7 24. Rxe5 Rxe5 25. Bxe5 g6 26. c3 Ke6 27. Bd4 Bc7 28. g3 h5 29. Kg2 b5 30. f4 Bd6 31. Kf3 Bc7 32. h3 Bd6 33. Bb6 Be7 34. b3 Bf6 35. Bd4 Be7 36. a4 Bd6 37. a5 Bc7 38. b4 Bd6 39. Bb6 Be7 40. Ke3 Bf6 41. Bd4 Be7 42. Be5 Bf8 43. Kd4 Be7 44. g4 hxg4 45. hxg4 Bf8 46. Ke3 g5 47. Bd4 gxf4+ 48. Kxf4 Be7 49. g5 Bd6+ 50. Kg4 Kf7 51. Kf5 Bg3 52. g6+ 1-0


[Site "https://www.chess.com"]

[Event "Titled Tuesday Blitz August 08 Early 2023"]
[White "Rietze, Clemens, Dr."]
[Black "Veiga, Jose Francisco R P Neves"]
[WhiteFideId "24620351"]
[BlackFideId "1930087"]
[WhiteElo "2447"]
[BlackElo "2551"]
[Result "0-1"]
[Round "6"]
[TimeControl "180+1"]
[Date "2023.08.08"]
[WhiteClock "0:00:00"]
[BlackClock "0:01:21"]
[Board "123"]

1. d4 Nf6 2. c4 c5 3. d5 e6 4. Nc3 exd5 5. cxd5 d6 6. Nf3 g6 7. h3 Bg7 8. e4 a6 9. a4 Nbd7 10. Be3 O-O 11. Bd3 Nh5 12. O-O Ne5 13. Nxe5 Bxe5 14. f4 Bg7 15. Qf3 Qh4 16. e5 dxe5 17. f5 Bxf5 18. Bxf5 gxf5 19. Bxc5 Ng3 20. Bf2 f4 21. Ne4 f5 22. Nxg3 fxg3 23. Bxg3 Qd4+ 24. Bf2 Qxb2 25. Rab1 Qc2 26. Rxb7 Rab8 27. Ra7 Qxa4 28. Rxg7+ Kxg7 29. Qg3+ Kf7 30. Qxe5 Qe4 31. Qc7+ Kg8 32. d6 Rb7 33. Qc5 Rd7 34. Re1 Qd3 35. Bd4 Qb5 36. Qc3 Rxd6 37. Qg3+ Rg6 38. Qc7 Qd5 0-1


[Site "https://www.chess.com"]

[Event "Titled Tuesday Blitz August 08 Early 2023"]
[White "Moral Garcia, Serafin"]
[Black "Nathan, Nitish"]
[WhiteFideId "2201925"]
[BlackFideId "30927870"]
[WhiteElo "2551"]
[BlackElo "2390"]
[Result "0-1"]
[Round "6"]
[TimeControl "180+1"]
[Date "2023.08.08"]
[WhiteClock "0:00:22"]
[BlackClock "0:00:38"]
[Board "124"]

1. c4 c6 2. e4 d5 3. exd5 cxd5 4. d4 Nc6 5. Nc3 Nf6 6. Bg5 dxc4 7. Bxc4 e6 8. Nf3 Be7 9. O-O O-O 10. Re1 b6 11. Rc1 Bb7 12. Bb3 h6 13. Bh4 Nb4 14. Ne5 Nbd5 15. Bc2 Nf4 16. g3 Nh3+ 17. Kf1 Nd5 18. Qd3 f5 19. Bxe7 Qxe7 20. Ng6 Qg5 21. Nxd5 Bxd5 22. Nxf8 Rxf8 23. Bb3 f4 24. Bxd5 Qxd5 25. g4 Qh1+ 26. Ke2 f3+ 27. Kd2 Qg2 28. Qe3 Nxf2 29. Qxe6+ Kh8 30. Kc2 Nxg4+ 31. Kb1 f2 32. Qe7 Qf3 33. Rf1 Ne3 34. Rc7 Rg8 35. Rc3 Qf5+ 0-1


[Site "https://www.chess.com"]

[Event "Titled Tuesday Blitz August 08 Early 2023"]
[White "Souleidis, Georgios"]
[Black "Chor, Kevin"]
[WhiteFideId "4206827"]
[BlackFideId "2090740"]
[WhiteElo "2545"]
[BlackElo "2517"]
[Result "1-0"]
[Round "6"]
[TimeControl "180+1"]
[Date "2023.08.08"]
[WhiteClock "0:00:46"]
[BlackClock "0:00:01"]
[Board "125"]

1. e4 c5 2. Be2 Nc6 3. d3 g6 4. f4 Bg7 5. Nf3 Rb8 6. O-O d6 7. c3 Bg4 8. h3 Bxf3 9. Bxf3 e6 10. Be3 Nge7 11. a4 O-O 12. Na3 a6 13. d4 cxd4 14. cxd4 d5 15. e5 Nf5 16. Bf2 Qb6 17. Qd2 Nfxd4 18. Bd1 f6 19. a5 Qa7 20. exf6 Bxf6 21. Nc2 Rbc8 22. Bg4 Rfe8 23. Rad1 Nb3 24. Qe2 Ncd4 25. Nxd4 Bxd4 26. Bxe6+ Kg7 27. Rxd4 Nxd4 28. Qe5+ 1-0


[Site "https://www.chess.com"]

[Event "Titled Tuesday Blitz August 08 Early 2023"]
[White "LeoLV10"]
[Black "Mazurkiewicz, Michal"]
[BlackFideId "1124943"]
[WhiteElo "2545"]
[BlackElo "2376"]
[Result "0-1"]
[Round "6"]
[TimeControl "180+1"]
[Date "2023.08.08"]
[WhiteClock "0:00:07"]
[BlackClock "0:00:16"]
[Board "126"]

1. e4 d6 2. d4 Nf6 3. Nc3 c6 4. Nf3 Bg4 5. h3 Bh5 6. Bc4 e6 7. Bb3 d5 8. e5 Nfd7 9. Be3 c5 10. g4 Bg6 11. a4 Nc6 12. Rc1 cxd4 13. Bxd4 Nxd4 14. Qxd4 Bc5 15. Qf4 O-O 16. O-O a6 17. Rfe1 Qc7 18. Kg2 f6 19. Bxd5 exd5 20. Nxd5 Qc6 21. e6 Ne5 22. c4 Nd3 23. Qd2 Nxc1 24. Qxc1 Rae8 25. b4 Bd6 26. b5 axb5 27. axb5 Qc8 28. Nd4 Be5 29. Nf5 Qxe6 30. f4 Bxf5 31. gxf5 Qxf5 32. fxe5 Kh8 33. e6 Rxe6 34. Rf1 Re2+ 35. Kg1 Qxh3 36. Nf4 Qh2# 0-1


[Site "https://www.chess.com"]

[Event "Titled Tuesday Blitz August 08 Early 2023"]
[White "Belov, Alexei"]
[Black "Korpics, Zsolt"]
[WhiteFideId "4128206"]
[BlackFideId "705241"]
[WhiteElo "2545"]
[BlackElo "2362"]
[Result "1-0"]
[Round "6"]
[TimeControl "180+1"]
[Date "2023.08.08"]
[WhiteClock "0:00:31"]
[BlackClock "0:00:00"]
[Board "127"]

1. e4 c5 2. Nf3 e6 3. d4 cxd4 4. Nxd4 Nc6 5. Nc3 Qc7 6. Be2 a6 7. O-O Nf6 8. a4 h5 9. h3 Nxd4 10. Qxd4 Bc5 11. Qd3 b6 12. Be3 Bb7 13. f4 b5 14. axb5 Qb6 15. Bxc5 Qxc5+ 16. Kh1 Ng4 17. bxa6 Nf2+ 18. Rxf2 Qxf2 19. Rf1 Bxa6 20. Qxa6 Qxf1+ 21. Bxf1 Rxa6 22. Bxa6 Ke7 23. e5 Rb8 24. b3 Ra8 25. Bc4 d6 26. exd6+ Kxd6 27. Kg1 Kc5 28. Kf2 Kd4 29. Ne2+ Ke4 30. Bd3+ Kd5 31. Ke3 Ra1 32. b4 e5 33. Nc3+ Kd6 34. Bc4 exf4+ 35. Kxf4 Rc1 36. Bb3 Rg1 37. Ne4+ Ke7 38. g3 Rh1 39. h4 1-0


[Site "https://www.chess.com"]

[Event "Titled Tuesday Blitz August 08 Early 2023"]
[White "Palczert, Matyas"]
[Black "Lopez Del Alamo, Antonio"]
[WhiteFideId "784958"]
[BlackFideId "2227339"]
[WhiteElo "2533"]
[BlackElo "2359"]
[Result "0-1"]
[Round "6"]
[TimeControl "180+1"]
[Date "2023.08.08"]
[WhiteClock "0:00:00"]
[BlackClock "0:00:11"]
[Board "128"]

1. e4 c5 2. Nf3 e6 3. d4 cxd4 4. Bg5 Qa5+ 5. c3 dxc3 6. Nxc3 Nc6 7. Bd2 Qc7 8. Bd3 Nf6 9. O-O Ng4 10. Nb5 Qb8 11. h3 h5 12. Qc1 a6 13. Nc3 Bd6 14. Re1 b5 15. hxg4 hxg4 16. e5 gxf3 17. exd6 Qxd6 18. Bf4 Qxd3 19. Ne4 fxg2 20. Bg3 Nd4 21. Nd6+ Kf8 22. Qf4 f6 23. Kxg2 Nf5 24. Nxf5 Qxf5 25. Qxf5 exf5 26. Bd6+ Kf7 27. Re7+ Kg6 28. Rg1 Rh5 29. f4 Rh4 30. Kf3+ Rg4 31. Rxg4+ fxg4+ 32. Kxg4 Bb7 33. f5+ Kh7 34. Rxd7 Be4 35. Kf4 Bc2 36. Be7 Kh6 37. Bd8 Rc8 38. Rd2 Kh7 39. Rd4 Rc5 40. Be7 Rxf5+ 41. Kg3 Rg5+ 42. Kf4 Bf5 43. Rd5 Kg6 44. Bf8 Rg4+ 45. Ke3 Re4+ 46. Kf3 Re8 0-1


[Site "https://www.chess.com"]

[Event "Titled Tuesday Blitz August 08 Early 2023"]
[White "Ncatt"]
[Black "Berezin, Viktor"]
[BlackFideId "14107872"]
[WhiteElo "2341"]
[BlackElo "2530"]
[Result "0-1"]
[Round "6"]
[TimeControl "180+1"]
[Date "2023.08.08"]
[WhiteClock "0:01:44"]
[BlackClock "0:01:22"]
[Board "129"]

1. e4 c6 2. d4 d5 3. Nc3 dxe4 4. Nxe4 Nf6 5. Nxf6+ exf6 6. c3 Bd6 7. Bd3 O-O 8. Qc2 Re8+ 9. Ne2 h5 10. O-O h4 11. h3 Nd7 12. Bd2 Nf8 13. Rae1 Qc7 14. Qc1 Be6 15. Bf4 Bxa2 16. Bxd6 Qxd6 17. c4 b5 18. cxb5 cxb5 19. Bxb5 Rec8 20. Nc3 Qxd4 21. Qa1 Be6 22. Re4 Qd2 23. Rxh4 a6 24. Ba4 Rab8 25. Nd1 Bc4 26. b3 Bxf1 27. Kxf1 Rc1 0-1


[Site "https://www.chess.com"]

[Event "Titled Tuesday Blitz August 08 Early 2023"]
[White "Shukhman, Anna"]
[Black "Player, Edmund C"]
[WhiteFideId "54180058"]
[BlackFideId "406520"]
[WhiteElo "2524"]
[BlackElo "2323"]
[Result "1-0"]
[Round "6"]
[TimeControl "180+1"]
[Date "2023.08.08"]
[WhiteClock "0:01:50"]
[BlackClock "0:00:02"]
[Board "130"]

1. e4 e5 2. Nf3 Nc6 3. Bb5 a6 4. Ba4 Nf6 5. O-O Nxe4 6. d4 b5 7. Bb3 d5 8. dxe5 Be6 9. Be3 Nc5 10. c3 Nxb3 11. axb3 Be7 12. Qd3 O-O 13. Nbd2 f6 14. exf6 Bxf6 15. Bc5 Rf7 16. b4 Qd7 17. Nb3 Bf5 18. Qd2 Be4 19. Nbd4 Bxd4 20. Nxd4 Ne5 21. f3 Bg6 22. Rae1 Nd3 23. Re3 Nf4 24. Rfe1 h6 25. Re7 Qd8 26. Rxf7 Bxf7 27. Qxf4 1-0


[Site "https://www.chess.com"]

[Event "Titled Tuesday Blitz August 08 Early 2023"]
[White "Sidletskyi, Ivan"]
[Black "Jahnz, Fabian"]
[WhiteFideId "14156024"]
[BlackFideId "4653300"]
[WhiteElo "2523"]
[BlackElo "2316"]
[Result "0-1"]
[Round "6"]
[TimeControl "180+1"]
[Date "2023.08.08"]
[WhiteClock "0:00:14"]
[BlackClock "0:00:53"]
[Board "131"]

1. e4 c6 2. d4 d5 3. f3 e6 4. Be3 Bb4+ 5. c3 Ba5 6. Nd2 Ne7 7. Bd3 O-O 8. Ne2 Bc7 9. O-O b6 10. b3 Ba6 11. c4 Nd7 12. Qc2 h6 13. f4 c5 14. e5 cxd4 15. Nxd4 Nc5 16. Be2 Rc8 17. b4 Nd7 18. b5 Bb7 19. Qb3 Nc5 20. Qa3 Bb8 21. Rad1 dxc4 22. Nxc4 Nd5 23. Bf3 Nxe3 24. Qxe3 Bxf3 25. Rxf3 Qd5 26. Nd2 Qxa2 27. Rg3 Qa4 28. f5 Qxd1+ 29. Kf2 Bxe5 30. Qxe5 Qxd2+ 31. Ne2 Nd3+ 32. Rxd3 Qxd3 33. f6 Qf5+ 34. Qxf5 exf5 35. h4 gxf6 36. Kg1 Rc2 37. Kh2 Rxe2 38. Kh3 Rd8 39. h5 Rd3+ 40. Kh4 Re4+ 41. g4 Rxg4# 0-1


[Site "https://www.chess.com"]

[Event "Titled Tuesday Blitz August 08 Early 2023"]
[White "Sreyas Payyappat"]
[Black "Fernandez Hernandez, Gerardo"]
[WhiteFideId "46674969"]
[BlackFideId "2207400"]
[WhiteElo "2522"]
[BlackElo "2258"]
[Result "1-0"]
[Round "6"]
[TimeControl "180+1"]
[Date "2023.08.08"]
[WhiteClock "0:02:11"]
[BlackClock "0:00:36"]
[Board "132"]

1. e4 e6 2. d4 d5 3. Nc3 Nc6 4. Nf3 Nf6 5. Bg5 Be7 6. e5 Ne4 7. Bxe7 Qxe7 8. Nxe4 dxe4 9. Nd2 Qb4 10. c3 Qxb2 11. Nxe4 Qa3 12. Bd3 h6 13. O-O Bd7 14. Rb1 b6 15. Bb5 Qxa2 16. Qf3 Qd5 17. Rfd1 Ne7 18. c4 Qb7 19. Bxd7+ Kxd7 20. Nc5+ 1-0


[Site "https://www.chess.com"]

[Event "Titled Tuesday Blitz August 08 Early 2023"]
[White "Haukenfrers, Dale"]
[Black "KorolDimitriy75"]
[WhiteFideId "2603780"]
[WhiteElo "2138"]
[BlackElo "2384"]
[Result "0-1"]
[Round "6"]
[TimeControl "180+1"]
[Date "2023.08.08"]
[WhiteClock "0:01:13"]
[BlackClock "0:00:01"]
[Board "133"]

1. f4 c5 2. b4 cxb4 3. e4 d5 4. exd5 Nf6 5. Bb5+ Nbd7 6. Nf3 g6 7. c4 bxc3 8. dxc3 Bg7 9. c4 Nxd5 10. cxd5 Bxa1 11. Nbd2 O-O 12. d6 exd6 13. Ba3 Re8+ 14. Kf2 Bg7 15. Kg3 Qa5 16. Qb3 a6 17. Bc4 Rf8 18. Bxd6 Nf6 19. h4 Be6 20. Bxf8 Rxf8 21. Bxe6 fxe6 22. Qxe6+ Kh8 23. Nc4 Qc3 24. Ne5 Nh5+ 25. Kh2 Nxf4 26. Qe7 Qc2 27. Rg1 Qf2 28. Nf7+ Kg8 29. N7e5 Ne2 30. Qe6+ Kh8 31. Rh1 Qg3# 0-1


[Site "https://www.chess.com"]

[Event "Titled Tuesday Blitz August 08 Early 2023"]
[White "Djordjevic, Vuk"]
[Black "Preobrazhenska_D2011"]
[WhiteFideId "902098"]
[WhiteElo "2702"]
[BlackElo "2250"]
[Result "1-0"]
[Round "6"]
[TimeControl "180+1"]
[Date "2023.08.08"]
[WhiteClock "0:00:06"]
[BlackClock "0:00:03"]
[Board "134"]

1. e4 c5 2. Nc3 a6 3. g3 b5 4. Bg2 Bb7 5. Nge2 d6 6. O-O Nf6 7. Re1 b4 8. Nd5 Bxd5 9. exd5 Nbd7 10. d4 Nb6 11. Nf4 c4 12. a4 a5 13. b3 Qc7 14. g4 h6 15. h4 g5 16. hxg5 hxg5 17. Nh3 Nbxd5 18. bxc4 Qxc4 19. Nxg5 Nc3 20. Qf3 Ncd5 21. Bb2 Qc8 22. Ne4 Nxe4 23. Qxe4 Nb6 24. Qc6+ Qxc6 25. Bxc6+ Kd8 26. Bxa8 Nxa8 27. c3 Rh4 28. f3 Nb6 29. cxb4 axb4 30. a5 Nc4 31. a6 Nb6 32. d5 Bh6 33. Bd4 Na8 34. Ra4 Bd2 35. Re2 Bf4 36. Rxb4 Kc7 37. Rb7+ Kc8 38. Rc2+ Kd8 39. Rb8+ Kd7 40. Rxa8 Rh3 41. Ra7+ Kd8 42. Bb6+ Ke8 43. Rc8# 1-0


[Site "https://www.chess.com"]

[Event "Titled Tuesday Blitz August 08 Early 2023"]
[White "Golubev, Mikhail"]
[Black "Cheer_Down"]
[WhiteFideId "14100983"]
[WhiteElo "2646"]
[BlackElo "2416"]
[Result "1-0"]
[Round "6"]
[TimeControl "180+1"]
[Date "2023.08.08"]
[WhiteClock "0:00:06"]
[BlackClock "0:00:02"]
[Board "135"]

1. e4 e5 2. Nf3 Nc6 3. Bc4 Nf6 4. Ng5 d5 5. exd5 Na5 6. Bb5+ c6 7. dxc6 bxc6 8. Bd3 Nd5 9. Nf3 Bd6 10. O-O O-O 11. Re1 Qc7 12. Nc3 Nf4 13. Bf1 Bg4 14. d3 Rae8 15. h3 Bh5 16. g3 Ne6 17. g4 Bg6 18. Ne4 Be7 19. Ng3 f6 20. Bg2 c5 21. Nh4 Bf7 22. c3 Rd8 23. Qf3 Rfe8 24. Ne4 c4 25. dxc4 Nxc4 26. Nf5 Bf8 27. g5 fxg5 28. Bxg5 Rb8 29. Qg3 Kh8 30. Nf6 Rec8 31. Nd5 Qc5 32. b3 Na3 33. Rad1 Nb5 34. Be3 Qa3 35. c4 Nbd4 36. Nxd4 exd4 37. Bxd4 Nxd4 38. Rxd4 Qxa2 39. Rf4 Bg6 40. Rg4 Rxb3 41. Qf4 Rb1 42. Rc1 Qa1 43. Rxb1 Qxb1+ 44. Kh2 Rd8 45. Rxg6 hxg6 46. Qh4+ Kg8 47. Qxd8 Qb7 48. Nf4 Qa6 49. Bd5+ Kh7 50. Qh4# 1-0


[Site "https://www.chess.com"]

[Event "Titled Tuesday Blitz August 08 Early 2023"]
[White "Goh, Wei Ming Kevin"]
[Black "Hrbek, Stepan"]
[WhiteFideId "5800706"]
[BlackFideId "393479"]
[WhiteElo "2643"]
[BlackElo "2414"]
[Result "0-1"]
[Round "6"]
[TimeControl "180+1"]
[Date "2023.08.08"]
[WhiteClock "0:00:00"]
[BlackClock "0:00:18"]
[Board "136"]

1. e4 c5 2. Nf3 Nc6 3. Bb5 e6 4. O-O Nge7 5. Re1 b6 6. Bf1 d5 7. exd5 exd5 8. d4 c4 9. Bf4 Be6 10. c3 Ng6 11. Bg3 Bd6 12. Qa4 Rc8 13. Nbd2 O-O 14. Qc2 Bxg3 15. hxg3 Qf6 16. Re3 b5 17. Rae1 Bf5 18. Qd1 b4 19. Qa4 a5 20. Qb5 Be6 21. Ne5 Ngxe5 22. dxe5 Qg6 23. Nf3 bxc3 24. bxc3 Qc2 25. R1e2 Qc1 26. Qa4 d4 27. cxd4 Nb4 28. Qxa5 Nd5 29. Re1 Qb2 30. R3e2 Qb7 31. Rc2 c3 32. Rec1 Bf5 33. Ba6 Qa8 34. Re2 Bd3 35. Ree1 Bxa6 36. e6 fxe6 37. Rxe6 Bc4 38. Qxa8 Rxa8 39. Ne5 Bxa2 40. Rc6 Rfb8 41. Nd3 Rb1 42. Rxb1 Bxb1 43. Nf4 Nxf4 44. gxf4 c2 45. Kh1 Re8 46. Kh2 Re1 47. d5 c1=Q 0-1


[Site "https://www.chess.com"]

[Event "Titled Tuesday Blitz August 08 Early 2023"]
[White "Khromkin, Andrey"]
[Black "Ovchinnikov, Vsevolod"]
[WhiteFideId "4154126"]
[BlackFideId "24176842"]
[WhiteElo "2414"]
[BlackElo "2624"]
[Result "0-1"]
[Round "6"]
[TimeControl "180+1"]
[Date "2023.08.08"]
[WhiteClock "0:00:00"]
[BlackClock "0:02:26"]
[Board "137"]

1. d4 Nf6 2. c4 g6 3. Nf3 Bg7 4. Nc3 d5 5. cxd5 Nxd5 6. g3 O-O 7. Bg2 Nb6 8. O-O Nc6 9. d5 Na5 10. Qc2 Bf5 11. e4 Bg4 12. h3 Bxf3 13. Bxf3 c6 14. Rd1 cxd5 15. Nxd5 Rc8 0-1


[Site "https://www.chess.com"]

[Event "Titled Tuesday Blitz August 08 Early 2023"]
[White "Gamayev, Oleg"]
[Black "Toktomushev, Teimur"]
[WhiteFideId "2802813"]
[BlackFideId "14176726"]
[WhiteElo "2612"]
[BlackElo "2413"]
[Result "1/2-1/2"]
[Round "6"]
[TimeControl "180+1"]
[Date "2023.08.08"]
[WhiteClock "0:00:38"]
[BlackClock "0:00:07"]
[Board "138"]

1. d3 d5 2. e4 dxe4 3. dxe4 Qxd1+ 4. Kxd1 c6 5. Nf3 Bg4 6. Be2 Nd7 7. Nfd2 Bxe2+ 8. Kxe2 O-O-O 9. c3 g6 10. f3 Bh6 11. a4 Nc5 12. Na3 f5 13. Nac4 Nf6 14. Ne5 Bxd2 15. Bxd2 Nb3 16. Be3 Nxa1 17. Rxa1 fxe4 18. Nf7 exf3+ 19. gxf3 b6 20. Nxh8 Rxh8 21. a5 Kb7 22. a6+ Kc8 23. c4 e5 24. b3 Rf8 25. Bh6 Rf7 26. Be3 e4 27. fxe4 Nxe4 28. Kd3 Nc5+ 29. Kc2 Re7 30. Bd4 Re2+ 31. Kc3 Rxh2 32. b4 Rh3+ 33. Kc2 Nb3 34. Rd1 Nxd4+ 35. Rxd4 Rh2+ 36. Kc3 Rh3+ 37. Kc2 Rf3 38. Re4 Rf7 39. b5 cxb5 40. cxb5 Rf5 41. Re7 Rxb5 42. Rxa7 h5 43. Rg7 Ra5 44. Rxg6 Rxa6 45. Rh6 Ra5 46. Rxb6 Rg5 47. Rh6 Kd7 48. Kd3 Ke7 49. Ke4 Kf7 50. Kf4 Ra5 51. Kg3 Kg7 52. Rb6 Rf5 53. Kh4 Re5 54. Rb7+ Kg6 55. Rb6+ Kf7 56. Rb7+ Kf6 57. Rb6+ Ke7 58. Rh6 Kf7 59. Rxh5 Re4+ 60. Kh3 Kg6 61. Rb5 Re6 62. Kg4 Rf6 63. Rg5+ Kf7 64. Rb5 Rg6+ 65. Kf5 Rf6+ 66. Kg5 Re6 67. Rb7+ Re7 68. Rxe7+ Kxe7 1/2-1/2


[Site "https://www.chess.com"]

[Event "Titled Tuesday Blitz August 08 Early 2023"]
[White "Vlassov, Nikolai"]
[Black "Vedder, Richard"]
[WhiteFideId "4103360"]
[BlackFideId "1004166"]
[WhiteElo "2577"]
[BlackElo "2410"]
[Result "1-0"]
[Round "6"]
[TimeControl "180+1"]
[Date "2023.08.08"]
[WhiteClock "0:02:12"]
[BlackClock "0:02:25"]
[Board "140"]

1. e4 e5 2. Bc4 Nf6 3. d3 Nc6 4. Nf3 h6 5. Nc3 d6 6. h3 g6 7. Be3 Bg7 8. Qc1 O-O 9. Bxh6 Na5 10. Bg5 Qe8 11. Bxf6 Bxf6 12. Nd5 Bd8 13. Qh6 c6 14. Ne3 Nxc4 15. dxc4 Qe7 16. h4 Be6 17. Ng5 1-0


[Site "https://www.chess.com"]

[Event "Titled Tuesday Blitz August 08 Early 2023"]
[White "Do Nascimento,Christian Almeida"]
[Black "Bueno, Alfeu Junior Varela"]
[WhiteFideId "2143801"]
[BlackFideId "2108879"]
[WhiteElo "2548"]
[BlackElo "2407"]
[Result "1-0"]
[Round "6"]
[TimeControl "180+1"]
[Date "2023.08.08"]
[WhiteClock "0:00:58"]
[BlackClock "0:00:00"]
[Board "141"]

1. e4 e6 2. d4 d5 3. e5 c5 4. c3 Nc6 5. Nf3 Bd7 6. a3 Rc8 7. Bd3 Qb6 8. O-O cxd4 9. cxd4 Nxd4 10. Nxd4 Qxd4 11. Nc3 Qxe5 12. Re1 Qd6 13. Nb5 Qb8 14. Qf3 Bd6 15. Nxd6+ Qxd6 16. Bf4 Qb6 17. Qxd5 Nf6 18. Qg5 O-O 19. Be5 Ne8 20. Re3 f6 21. Qh5 h6 22. Bf4 f5 23. Bxh6 gxh6 24. Rg3+ Ng7 25. Qxh6 Rf7 26. Bxf5 exf5 27. Qd2 f4 28. Rg5 Qf6 29. h4 Bc6 30. Re1 Kh8 31. Ree5 Rg8 32. Qd1 Ne6 33. Rh5+ Rh7 34. Qd6 Rxg2+ 35. Kf1 Rg6 36. Rhf5 1-0


[Site "https://www.chess.com"]

[Event "Titled Tuesday Blitz August 08 Early 2023"]
[White "Llanos, Guillermo"]
[Black "Pinero Rodriguez, Carlos Jose"]
[WhiteFideId "100358"]
[BlackFideId "3901726"]
[WhiteElo "2403"]
[BlackElo "2512"]
[Result "1-0"]
[Round "6"]
[TimeControl "180+1"]
[Date "2023.08.08"]
[WhiteClock "0:01:30"]
[BlackClock "0:01:37"]
[Board "142"]

1. b3 b6 2. Bb2 Bb7 3. Nf3 Nf6 4. g3 Bxf3 5. exf3 c5 6. d4 cxd4 7. Bxd4 Nc6 8. Bb2 d5 9. Bg2 e6 10. O-O Be7 11. Nd2 O-O 12. f4 Qc7 13. Re1 Rfd8 14. Nf3 Rac8 15. Rc1 Qb8 16. a3 Ne4 17. Qe2 Bf6 18. Bxf6 Nxf6 19. c4 dxc4 20. Rxc4 Na5 21. Rxc8 Qxc8 22. b4 Nb3 23. Qb2 Qc4 24. Ne5 Nd2 25. Nxc4 Nxc4 26. Qc3 b5 27. Bf1 Nd6 28. Qc7 Rd7 29. Qb8+ Nfe8 30. Rd1 Kf8 31. Bxb5 1-0


[Site "https://www.chess.com"]

[Event "Titled Tuesday Blitz August 08 Early 2023"]
[White "Ansh M Shah"]
[Black "Herman, Daniel"]
[WhiteFideId "25033379"]
[BlackFideId "30935008"]
[WhiteElo "2512"]
[BlackElo "2399"]
[Result "1-0"]
[Round "6"]
[TimeControl "180+1"]
[Date "2023.08.08"]
[WhiteClock "0:00:47"]
[BlackClock "0:00:15"]
[Board "143"]

1. d4 Nf6 2. c4 g6 3. Nc3 Bg7 4. e4 O-O 5. h4 d6 6. Be2 c5 7. d5 e6 8. h5 exd5 9. exd5 Re8 10. Kf1 Nbd7 11. h6 Bh8 12. Nf3 a6 13. Bf4 Ne5 14. Nxe5 dxe5 15. Be3 b6 16. Bg5 e4 17. Qd2 Qd7 18. Re1 Qf5 19. Be3 b5 20. cxb5 axb5 21. Bxb5 Bd7 22. Bxd7 Nxd7 23. Rh4 Nf6 24. Rf4 Qe5 25. Kg1 g5 26. Rxf6 Bxf6 27. Bxc5 Rad8 28. Rxe4 Qf5 29. Rxe8+ Rxe8 30. Be3 Rd8 31. Bd4 Bxd4 32. Qxd4 Re8 33. Qg7# 1-0


[Site "https://www.chess.com"]

[Event "Titled Tuesday Blitz August 08 Early 2023"]
[White "Lehtosaari, Mauri"]
[Black "Dishman, Stephen"]
[WhiteFideId "501999"]
[BlackFideId "403024"]
[WhiteElo "2512"]
[BlackElo "2399"]
[Result "1-0"]
[Round "6"]
[TimeControl "180+1"]
[Date "2023.08.08"]
[WhiteClock "0:00:23"]
[BlackClock "0:00:00"]
[Board "144"]

1. d4 d5 2. Nf3 Nf6 3. Bg5 Ne4 4. Bf4 c5 5. e3 Nc6 6. c3 Qb6 7. Qb3 c4 8. Qxb6 axb6 9. Nfd2 Bf5 10. Be2 e6 11. Nxe4 Bxe4 12. Nd2 Bg6 13. Bf3 f5 14. O-O b5 15. a3 Kd7 16. h3 Bd6 17. Bxd6 Kxd6 18. g3 Bf7 19. Bg2 g5 20. f3 Bg6 21. Rae1 Rhf8 22. e4 f4 23. Kh2 h5 24. Re2 h4 25. g4 e5 26. dxe5+ Nxe5 27. exd5 Bd3 28. Ne4+ Kxd5 29. Rd1 Kc6 30. Red2 Bxe4 31. fxe4 f3 32. Bf1 f2 33. Rd6+ Kc7 34. R6d5 Rae8 35. Kg2 Rf4 36. Rc5+ Kb6 37. Rdd5 Nd3 38. Rxb5+ Kc6 39. Rf5 Rexe4 40. Rxg5 Re1 41. Rbf5 Rxf5 42. Rxf5 Rb1 43. g5 Rxb2 44. g6 Ne1+ 45. Kh2 1-0


[Site "https://www.chess.com"]

[Event "Titled Tuesday Blitz August 08 Early 2023"]
[White "Davidson, Kevin"]
[Black "ATM622"]
[WhiteFideId "2056810"]
[WhiteElo "2394"]
[BlackElo "2507"]
[Result "0-1"]
[Round "6"]
[TimeControl "180+1"]
[Date "2023.08.08"]
[WhiteClock "0:00:03"]
[BlackClock "0:01:45"]
[Board "145"]

1. e4 c6 2. d4 d5 3. e5 c5 4. dxc5 e6 5. a3 Bxc5 6. Qg4 Ne7 7. Nf3 Nbc6 8. b4 Bb6 9. b5 h5 10. Qxg7 Rg8 11. Qh7 Nd4 12. Nbd2 Qc7 13. Bd3 Qc3 14. Rb1 Nxf3+ 15. gxf3 Qxe5+ 16. Kf1 Qd4 17. Ke2 Qxf2+ 18. Kd1 Qg2 19. Rf1 Bd7 20. Qxh5 O-O-O 21. Bb2 Nf5 22. Bxf5 exf5 23. Bf6 Be3 0-1


[Site "https://www.chess.com"]

[Event "Titled Tuesday Blitz August 08 Early 2023"]
[White "Womacka, Mathias"]
[Black "Gu, Xiaobing"]
[WhiteFideId "4611390"]
[BlackFideId "8602611"]
[WhiteElo "2506"]
[BlackElo "2392"]
[Result "1-0"]
[Round "6"]
[TimeControl "180+1"]
[Date "2023.08.08"]
[WhiteClock "0:00:38"]
[BlackClock "0:00:35"]
[Board "146"]

1. e4 c5 2. Nf3 d6 3. d4 cxd4 4. Nxd4 Nf6 5. Nc3 a6 6. Be2 e5 7. Nb3 Be7 8. O-O O-O 9. Kh1 Nc6 10. Be3 b5 11. a4 b4 12. Nd5 Nxd5 13. exd5 Na5 14. Qd2 Rb8 15. f4 exf4 16. Bxf4 Bf6 17. Nxa5 Qxa5 18. Bxd6 Rd8 19. Bxb8 Rxd5 20. Qe3 Bd7 21. Bc4 Rg5 22. Bf4 Rg6 23. Bd3 Rg4 24. h3 Rh4 25. Rad1 Bc6 26. Be4 Bxe4 27. Qxe4 g5 28. Qe8+ Kg7 29. Bg3 Rh6 30. Rd7 1-0


[Site "https://www.chess.com"]

[Event "Titled Tuesday Blitz August 08 Early 2023"]
[White "Castella Garcia, Fausto"]
[Black "Hirneise, Jens"]
[WhiteFideId "3501922"]
[BlackFideId "24614734"]
[WhiteElo "2392"]
[BlackElo "2505"]
[Result "0-1"]
[Round "6"]
[TimeControl "180+1"]
[Date "2023.08.08"]
[WhiteClock "0:01:15"]
[BlackClock "0:01:47"]
[Board "147"]

1. e4 d5 2. exd5 Nf6 3. Nf3 Nxd5 4. d4 g6 5. c4 Nf6 6. Nc3 Bg7 7. h3 O-O 8. Be2 Bf5 9. O-O Ne4 10. Nxe4 Bxe4 11. Be3 c6 12. Qd2 Bxf3 13. Bxf3 Nd7 14. Bh6 Bxh6 15. Qxh6 Qb6 16. Rfe1 Nf6 17. Rxe7 Qxd4 18. Rxb7 Qxc4 19. Rc1 Qxa2 20. Rxc6 Qb1+ 21. Kh2 Qf5 22. Rcc7 Rab8 23. Rxf7 Qe5+ 24. g3 Rxf7 25. Rxb8+ Qxb8 0-1


[Site "https://www.chess.com"]